 Dungeon Sprint DCSS version 0.19-a0-1008-g4c63d25 (webtiles) character file.

1876 Conn321 the Thrower (level 9, -15/105 HPs)
             Began as an Ogre Hunter on July 22, 2016.
             Was a Believer of Okawaru.
             Shot with an arrow by a centaur warrior (17 damage)
             ... in the Dungeon (Sprint I: "Red Sonja").
             The game lasted 00:03:27 (840 turns).

Conn321 the Thrower (Ogre Hunter)                    Turns: 840, Time: 00:03:28

Health: -15/105    AC:  3    Str: 22    XL:     9   Next: 14%
Magic:  7/9        EV: 14    Int: 10    God:    Okawaru [**....]
Gold:   421        SH:  0    Dex: 10    Spells: 0 memorised, 8 levels left

rFire  . . .     SeeInvis .     o - +0 giant club
rCold  . . .     Gourm    .     b - +0 robe
rNeg   . . .     Faith    .     (shield currently unavailable)
rPois  .         Spirit   .     (helmet restricted)
rElec  .         Dismiss  .     (no cloak)
rCorr  .         Reflect  .     (gloves unavailable)
SustAt .         Harm     .     (boots unavailable)
MR     .....     NoTele   +     (no amulet)
Stlth  ++........               (no ring)
                                (no ring)

@: not resistant to hostile enchantments, unstealthy
A: unfitting armour, tough skin 1
a: Heroism, Renounce Religion


You were in the Dungeon.
You worshipped Okawaru.
Okawaru was pleased with you.
You were not hungry.

You visited 1 branch You collected 421 gold pieces.

Inventory:

Hand Weapons
 a - a +0 short sword
 n - a +0 club
 o - a +0 giant club (weapon)
Missiles
 c - 2 large rocks (quivered)
 d - a throwing net
Armour
 b - a +0 robe (worn)
Wands
 l - a wand of polymorph (3/24)
 p - a wand of teleportation (3/9)
Scrolls
 k - a scroll of blinking
Potions
 e - a potion of curing
 h - a potion of haste
 i - 2 potions of magic
 j - a potion of berserk rage
 m - a potion of degeneration {unknown}
Comestibles
 f - a bread ration


   Skills:
 + Level 11.2 Fighting
 + Level 1.0 Short Blades
 + Level 7.0 Maces & Flails
 + Level 12.4 Throwing
 + Level 10.9 Dodging
 + Level 3.4 Stealth


You had 8 spell levels left.
You didn't know any spells.

Dungeon Overview and Level Annotations

Branches:
Dungeon (1/1)

Altars:
Cheibriados
Dithmenos
Elyvilon
Fedhas
Gozag
Hepliaklqana
Kikubaaqudgha
Makhleb
Nemelex Xobeh
Okawaru
Pakellas
Qazlal
Ru
Sif Muna
Trog
Uskayaw
Vehumet
Xom
Yredelemnul
Zin
The Shining One
Jiyva

Shops:
D :


Innate Abilities, Weirdness & Mutations

You are too large for most types of armour.
You have tough skin. (AC +1)


Message History

Your Dodging skill increases to level 10!
You have reached level 9!
Your experience leads to an increase in your attributes!
Increase (S)trength, (I)ntelligence, or (D)exterity?
You feel stronger. x2
The centaur warrior shoots an arrow.
The arrow hits you!
* * * LOW HITPOINT WARNING * * *
The centaur warrior shoots an arrow.
The arrow hits you!
* * * LOW HITPOINT WARNING * * *
Okay, then.
Okay, then.
Okay, then.
Throwing (i - inventory. (,) - cycle):
c - 3 large rocks (quivered)
Press: ? - help, Shift-Dir - straight line, f/p - centaur warrior
Aim: a centaur warrior, wielding a shortbow You throw a large rock.
The large rock completely misses the centaur warrior.
The centaur warrior shoots an arrow.
The arrow barely misses you.
The centaur warrior shoots an arrow.
The arrow hits you!
You die...

#[.'..#..'..#__#..)..)#
'..#..').#..'..'..#...#
#####'#####'#__####...+
####..#...#.####§ #####
#__####..##[#§§§§§
#_____##'#..§≈§§c§
#_.∩...'..._#§§§c§
#_._._##_.#'##§###
#_____###+#[#(c§@#
####### ####+###


You could see a centaur warrior.

Vanquished Creatures
  A centaur warrior (D)
  2 kobold demonologists (D)
  A slime creature (D)
  Sigmund (D)
  A yak (D)
  A giant eyeball (D)
  An ogre (D)
  A jelly (D)
  Ijyb (D)
10 creatures vanquished.

Vanquished Creatures (others)
  A gargoyle (D)
1 creature vanquished.

Grand Total: 11 creatures vanquished

Notes
Turn   | Place    | Note
-------+----------+-------------------------------------------
     0 | D        | Conn321 the Ogre Hunter began the quest for the Orb.
     0 | D        | Reached XP level 1. HP: 22/22 MP: 1/1
     1 | D        | Noticed Ijyb
    79 | D        | Killed Ijyb
    79 | D        | Reached skill level 5 in Throwing
    79 | D        | Reached skill level 1 in Stealth
    79 | D        | Reached XP level 2. HP: 12/32 MP: 2/2
    79 | D        | Reached XP level 3. HP: 15/39 MP: 3/3
   261 | D        | Noticed an ogre
   264 | D        | Killed an ogre
   264 | D        | Reached skill level 7 in Throwing
   264 | D        | Reached XP level 4. HP: 49/49 MP: 4/4
   286 | D        | Noticed Sigmund
   300 | D        | Killed Sigmund
   300 | D        | Reached skill level 1 in Maces & Flails
   300 | D        | Reached skill level 9 in Throwing
   300 | D        | Reached XP level 5. HP: 33/59 MP: 5/5
   300 | D        | Reached XP level 6. HP: 37/67 MP: 6/6
   451 | D        | Found a deep blue altar of Sif Muna.
   453 | D        | Found a radiant altar of Vehumet.
   465 | D        | Found Peunwev's Book Emporium.
   465 | D        | Found a white marble altar of Elyvilon.
   465 | D        | Found a stormy altar of Qazlal.
   465 | D        | Found a burning altar of Makhleb.
   465 | D        | Found a sacrificial altar of Ru.
   465 | D        | Found a hazy altar of Hepliaklqana.
   465 | D        | Found an oddly glowing altar of Pakellas.
   465 | D        | Found a hide-covered altar of Uskayaw.
   465 | D        | Found a basalt altar of Yredelemnul.
   465 | D        | Found a glowing golden altar of the Shining One.
   465 | D        | Found a sparkling altar of Nemelex Xobeh.
   465 | D        | Found a shimmering altar of Xom.
   465 | D        | Found an opulent altar of Gozag.
   465 | D        | Found an ancient bone altar of Kikubaaqudgha.
   465 | D        | Found a glowing silver altar of Zin.
   465 | D        | Noticed a yak
   470 | D        | Killed a yak
   470 | D        | Reached skill level 10 in Throwing
   470 | D        | Reached XP level 7. HP: 31/78 MP: 7/7
   470 | D        | Killed a gargoyle
   471 | D        | Found an iron altar of Okawaru.
   472 | D        | Found a bloodstained altar of Trog.
   480 | D        | Became a worshipper of Warmaster Okawaru
   697 | D        | Found a snail-covered altar of Cheibriados.
   697 | D        | Found a viscous altar of Jiyva.
   697 | D        | Found a shadowy altar of Dithmenos.
   697 | D        | Found a blossoming altar of Fedhas.
   697 | D        | Noticed a slime creature
   703 | D        | Killed a slime creature
   703 | D        | Reached skill level 11 in Throwing
   780 | D        | Noticed a kobold demonologist
   781 | D        | Killed a kobold demonologist
   781 | D        | Reached XP level 8. HP: 92/92 MP: 8/8
   782 | D        | Reached * piety under Okawaru
   786 | D        | Noticed a kobold demonologist
   790 | D        | Killed a kobold demonologist
   790 | D        | Reached skill level 5 in Maces & Flails
   790 | D        | Reached skill level 12 in Throwing
   823 | D        | Noticed a centaur warrior
   826 | D        | Noticed a centaur warrior
   839 | D        | Killed a centaur warrior
   839 | D        | Reached ** piety under Okawaru
   839 | D        | Reached skill level 1 in Short Blades
   839 | D        | Reached skill level 10 in Dodging
   839 | D        | Reached XP level 9. HP: 26/105 MP: 7/9
   839 | D        | HP: 2/105 [centaur warrior/arrow (11)]
   840 | D        | Shot with an arrow by a centaur warrior

Vault maps used:
D:        dungeon_sprint_1

Skill      XL: |  1  2  3  4  5  6  7  8 |
---------------+-------------------------+-----
Fighting       | 3 4 6 7 9 11 | 11.2
Throwing       | 5 7 9 10 11 12 | 12.4
Dodging        | 3 4 6 7 9 10 | 10.9
Stealth        | 1 2 3 |  3.4
Maces & Flails | 1 3 4 7 |  7.0
Short Blades   | 1 |  1.0

Action                   |  1- 3 |  4- 6 |  7- 9 || total
-------------------------+-------+-------+-------++-------
Melee: Short sword       |    40 |       |       ||    40
       Unarmed           |    35 |       |       ||    35
       Giant club        |       |    13 |    11 ||    24
Throw: Large rock        |     3 |     5 |    11 ||    19
       Throwing net      |       |     1 |       ||     1
Invok: Heroism           |       |       |     1 ||     1
  Use: Potion            |       |       |     1 ||     1
Armor: Skin              |    15 |       |       ||    15
       Robe              |     1 |     1 |     4 ||     6
Dodge: Dodged            |    24 |     7 |     9 ||    40
